[Event "Team 45 45 League T62"]
[Site "Internet Chess Club"]
[Date "2014.09.05"]
[Round "2"]
[White "fhunfi"]
[Black "primerpaso"]
[Result "0-1"]
[WhiteElo "1869"]
[BlackElo "1965"]
[Opening "Sicilian: Najdorf"]
[ECO "B90"]
[Time "21:12:07"]
[TimeControl "2700+45"]

1. e4 c5 2. Nf3 d6 3. d4 cxd4 4. Nxd4 Nf6 5. Nc3 a6 6. Rg1 e5 7. Nde2 Be6 8. h3
d5 9. exd5 Nxd5 10. Nxd5 Qxd5 11. Qxd5 Bxd5 12. Nc3 Bc6 13. Bc4 Bc5 14. Be3 Bxe3
15. fxe3 Nd7 16. Bd5 Nf6 17. O-O-O Nxd5 18. Nxd5 Rd8 19. c4 Bxd5 20. cxd5 Kd7
21. Rgf1 f6 22. Rf2 Rc8+ 23. Kb1 Rc4 24. Rd3 Rhc8 25. a3 Kd6 26. Ka2 R8c5 27.
Rfd2 e4 28. Rd4 Rxd4 29. Rxd4 f5 30. Rd2 Rxd5 31. Rc2 Rd3 32. Re2 Ke5 33. Kb1 g5
34. g3 f4 35. gxf4+ gxf4 36. exf4+ Kxf4 37. Rf2+ Rf3 38. Rg2 e3 39. Rg7 e2
{White resigns} 0-1

[Event "Team 45 45 League T62"]
[Site "Internet Chess Club"]
[Date "2014.09.06"]
[Round "2"]
[White "Baseta"]
[Black "RamRock"]
[Result "0-1"]
[WhiteElo "1817"]
[BlackElo "1751"]
[Opening "Réti v Dutch"]
[ECO "A04"]
[Time "09:07:27"]
[TimeControl "2700+45"]

1. Nf3 f5 2. d4 e6 3. g3 Nf6 4. Bg2 d5 5. c4 c6 6. b3 Bd6 7. Ba3 O-O 8. Bxd6
Qxd6 9. O-O Nbd7 10. Qd3 Ne4 11. Nfd2 e5 12. Nc3 Nxd2 13. Qxd2 dxc4 14. d5 cxb3
15. axb3 Nf6 16. Rfd1 Rd8 17. Qe3 Nxd5 18. Bxd5+ cxd5 19. Rxd5 Qf6 20. Rxd8+
Qxd8 21. Qxe5 Kf7 22. Nb5 Qe7 23. Qxe7+ Kxe7 24. Nc7 Rb8 25. Rxa7 Kd8 26. Nb5
Kd7 27. Ra1 Kc6 28. Nd4+ Kc5 29. e3 Bd7 30. Rc1+ Kb6 31. h4 Ra8 32. Kg2 Bc6+ 33.
Nxc6 bxc6 34. Kf3 Ra2 35. Rd1 Kc7 36. Rd4 Rb2 37. b4 g6 38. e4 fxe4+ 39. Rxe4
Kd6 40. g4 Kd5 41. Rf4 Ke5 42. Rc4 Kd5 43. Rc5+ Kd6 44. Rc4 Kd5 45. Rf4 Ke5 46.
Rf7 Rb3+ 47. Ke2 Rxb4 48. f3 h5 49. gxh5 gxh5 50. Rc7 Kd6 51. Rf7 Rxh4 52. Ke3
Rh1 53. f4 c5 54. Rf8 Kd5 55. f5 Rf1 56. Ke2 Rf4 57. Ke3 Rh4 58. f6 Ke6 59. Kf3
Rc4 60. Rh8 h4 61. Rh6 Rc3+ 62. Kg4 h3 63. Kg5 c4 64. Kf4 Rd3 65. Ke4 Kf7 66.
Kf5 Rf3+ 67. Ke4 Rg3 68. Kf4 Rb3 69. Ke5 c3 70. Rxh3 c2 71. Rxb3 c1=Q 72. Rb7+
Kf8 73. Rb8+ Kf7 74. Rb7+ Ke8 75. Rb8+ Kd7 76. Rb7+ Kc8 77. Re7 Kd8 78. Ke6 Qc4+
79. Kf5 Qg8 80. Ke5 Qg4 81. Re6 Qg5+ 82. Ke4 Kd7 83. Ra6 Ke8 84. Kd4 Kf7 85. Kc4
Qe5 86. Kb4 Qd5 87. Rb6 Kg6 88. Ra6 Qb7+ 89. Ka5 Kf5 90. Rb6 Qc7 91. Ka6 Ke5 92.
Kb5 Kd5 93. Ka6 Kc5 94. Rb7 Qc6+ 95. Ka7 Qxf6 96. Rc7+ Kb5 97. Rb7+ Ka5 98. Kb8
Ka6 99. Ra7+ Kb6 100. Rb7+ Kc6 101. Ka7 Qd8 102. Ka6 Qc8 {White resigns} 0-1

[Event "Team 45 45 League T62"]
[Site "Internet Chess Club"]
[Date "2014.09.06"]
[Round "2"]
[White "Timotheous"]
[Black "Heian"]
[Result "1/2-1/2"]
[WhiteElo "1767"]
[BlackElo "1798"]
[Opening "Réti opening"]
[ECO "A04"]
[Time "11:08:35"]
[TimeControl "2700+45"]

1. Nf3 Nc6 2. c4 e6 3. g3 Nce7 4. Bg2 d5 5. b3 c6 6. Bb2 f5 7. O-O Ng6 8. d3 Nf6
9. Ne5 Nxe5 10. Bxe5 Bd6 11. Bxd6 Qxd6 12. Nd2 O-O 13. Qc2 Bd7 14. c5 Qe7 15. d4
e5 16. dxe5 Qxe5 17. Nf3 Qe7 18. Nd4 g6 19. e3 Ne4 20. b4 Rae8 21. a3 Rf7 22.
Rac1 {Game drawn by mutual agreement} 1/2-1/2

[Event "Team 45 45 League T62"]
[Site "Internet Chess Club"]
[Date "2014.09.07"]
[Round "2"]
[White "Portola"]
[Black "hewdondada"]
[Result "1-0"]
[WhiteElo "1863"]
[BlackElo "1744"]
[Opening "Queen's pawn game"]
[ECO "D02"]
[Time "19:05:28"]
[TimeControl "2700+45"]

1. d4 d5 2. Nf3 c6 3. c3 Qc7 4. Bg5 Bf5 5. Nbd2 Nd7 6. e3 e6 7. Be2 Ngf6 8. O-O
h6 9. Bh4 Bd6 10. c4 Qb8 11. c5 Bc7 12. b4 g5 13. Bg3 Bxg3 14. hxg3 b5 15. a4 a6
16. axb5 axb5 17. Rxa8 Qxa8 18. Qa1 O-O 19. Qb2 Qb7 20. Ra1 Ra8 21. Ra2 Nb8 22.
Ne5 Nfd7 23. Nxd7 Nxd7 24. Nf3 Nb8 25. Ne5 f6 26. Nf3 Rxa2 27. Qxa2 Qa6 28. Qb2
Qa4 29. Ne1 Na6 30. Nd3 Bxd3 31. Bxd3 Qd1+ 32. Bf1 Kg7 33. Qc3 Qa4 34. Qd3 Nxb4
35. Qb1 f5 36. g4 Kf6 37. gxf5 exf5 38. g4 fxg4 39. Qh7 Qc2 40. Qxh6+ Qg6 41.
Qf8+ Qf7 42. Qd6+ Qe6 43. Qg3 Qe4 44. Qd6+ Qe6 45. Qd8+ Kg6 46. Qa5 g3 47. Qxb4
gxf2+ 48. Kxf2 Qg4 49. Ke1 Qh4+ 50. Kd2 Qf2+ 51. Be2 g4 52. Qb1+ Kg7 53. Qf1 Qh2
54. Qf4 Qxf4 55. exf4 g3 56. Bf3 Kf6 57. Ke3 Kf5 58. Bg2 Kg4 59. f5 Kxf5 60. Kf3
b4 61. Bh3+ Kg5 62. Kxg3 Kf6 63. Kf4 Ke7 64. Ke3 Kd8 65. Kd3 Ke7 66. Kc2 Kf6 67.
Kb3 Kg5 68. Kxb4 Kf4 69. Bd7 Ke3 70. Kc3 {Black resigns} 1-0

[Event "Team 45 45 League T62"]
[Site "Internet Chess Club"]
[Date "2014.09.06"]
[Round "2"]
[White "TerryMalloy"]
[Black "RubberDuck"]
[Result "0-1"]
[WhiteElo "2006"]
[BlackElo "1977"]
[Opening "Scotch: Göring gambit"]
[ECO "C44"]
[Time "09:16:51"]
[TimeControl "2700+45"]

1. e4 e5 2. d4 exd4 3. Nf3 Nc6 4. c3 Nf6 5. e5 Nd5 6. Bb5 a6 7. Ba4 Nb6 8. Bb3
d6 9. O-O Be7 10. Bf4 O-O 11. cxd4 dxe5 12. dxe5 Bg4 13. Nbd2 Nd4 14. Be3 Nxb3
15. Qxb3 Qd5 16. Qc3 Rac8 17. Rfd1 Qe6 18. Bxb6 Qxb6 19. Rac1 Rfd8 20. a3 c5 21.
Nc4 Qe6 22. Re1 b5 23. Ncd2 c4 24. Qe3 Rd3 25. Qf4 Rcd8 26. Re4 Bh5 27. Nf1 Bxf3
28. gxf3 Qg6+ 29. Qg4 Rxf3 30. Qxg6 hxg6 31. Ne3 Rd2 32. Nd1 Bc5 33. Kg2 Rfd3
34. b4 Bb6 35. Nc3 Rxf2+ 36. Kg1 Rc2+ 37. Kf1 Rxc1+ 38. Ke2 Rcxc3 39. e6 Rc2+
40. Ke1 fxe6 {White resigns} 0-1

[Event "Team 45 45 League T62"]
[Site "Internet Chess Club"]
[Date "2014.09.09"]
[Round "2"]
[White "jonesey"]
[Black "zachi"]
[Result "0-1"]
[WhiteElo "1854"]
[BlackElo "1813"]
[Opening "Caro-Kann: Panov-Botvinnik attack"]
[ECO "B13"]
[Time "19:16:41"]
[TimeControl "2700+45"]

1. e4 c6 2. d4 d5 3. exd5 cxd5 4. c4 Nf6 5. Nc3 Nc6 6. Nf3 g6 7. Qb3 e6 8. cxd5
Nxd5 9. Bc4 Nb6 10. Bb5 Bd7 11. Bg5 Be7 12. Bh6 a6 13. Be2 Bf6 14. Rd1 Na5 15.
Qc2 Bc6 16. O-O Qe7 17. Ne4 Bxe4 18. Qxe4 Nc6 19. Ne5 Nd5 20. Nxc6 bxc6 21. Rc1
Kd7 22. Rc5 Rhc8 23. Rfc1 Bg5 24. Bxg5 Qxg5 25. Qc2 Qf4 26. Rxc6 Nb4 {White
resigns} 0-1

[Event "Team 45 45 League T62"]
[Site "Internet Chess Club"]
[Date "2014.09.05"]
[Round "2"]
[White "az2112"]
[Black "edelgado"]
[Result "1/2-1/2"]
[WhiteElo "1587"]
[BlackElo "1630"]
[Opening "French: Rubinstein variation"]
[ECO "C03"]
[Time "21:00:35"]
[TimeControl "2700+45"]

1. e4 e6 2. d4 d5 3. Nd2 dxe4 4. Nxe4 Nd7 5. Nf3 Ngf6 6. Ng3 c5 7. c3 Be7 8. Bd3
O-O 9. O-O b6 10. Qc2 Qc7 11. Re1 Bb7 12. Ne4 Nxe4 13. Bxe4 Nf6 14. Bxb7 Qxb7
15. Bf4 Rac8 16. Rad1 Rfd8 17. Qe2 cxd4 18. Nxd4 Bc5 19. Nb3 Be7 20. Nd4 Nd5 21.
Bg3 Bf6 {Game drawn by mutual agreement} 1/2-1/2

[Event "Team 45 45 League T62"]
[Site "Internet Chess Club"]
[Date "2014.09.05"]
[Round "2"]
[White "Innes"]
[Black "drsigmund1"]
[Result "1/2-1/2"]
[WhiteElo "1626"]
[BlackElo "1570"]
[Opening "French: Réti (Spielmann) variation"]
[ECO "C00"]
[Time "18:00:42"]
[TimeControl "2700+45"]

1. e4 e6 2. b3 d5 3. exd5 exd5 4. Bb2 Nf6 5. Nf3 Bd6 6. Be2 O-O 7. O-O Bg4 8. h3
Bh5 9. c4 Nbd7 10. d4 c6 11. Nbd2 Re8 12. Re1 h6 13. Bd3 Qc7 14. c5 Bf4 15. Qc2
Rxe1+ 16. Rxe1 Re8 17. Rxe8+ Nxe8 18. g4 Bg6 19. Bxg6 fxg6 20. Qxg6 Nef6 21. Qf5
Bxd2 22. Nxd2 Qa5 23. Nf3 Qxa2 24. g5 Qxb2 25. gxf6 Nxf6 26. Ne5 Qxd4 27. Qc8+
Kh7 28. Qf5+ Kg8 29. Qc8+ Kh7 30. Qf5+ Kg8 {Game drawn by repetition} 1/2-1/2

[Event "Team 45 45 League T62"]
[Site "Internet Chess Club"]
[Date "2014.09.05"]
[Round "2"]
[White "Packerfan"]
[Black "Buford-Julep"]
[Result "1/2-1/2"]
[WhiteElo "1697"]
[BlackElo "1727"]
[Opening "French: Winawer, advance, Bogolyubov variation"]
[ECO "C17"]
[Time "09:30:35"]
[TimeControl "2700+45"]

1. e4 e6 2. d4 d5 3. Nc3 Bb4 4. e5 c5 5. Bd2 Nh6 6. Nb5 Bxd2+ 7. Qxd2 O-O 8.
dxc5 Nc6 9. Nf3 b6 10. cxb6 Qxb6 11. Rb1 Ng4 12. Nbd4 Ngxe5 13. Be2 Ba6 14. Nxe5
Nxe5 15. b3 Bxe2 16. Nxe2 Nc4 17. Qc1 Qa5+ 18. c3 Na3 19. Rb2 Rfc8 20. O-O Rc7
21. Qd2 Rac8 22. Rc1 Nb5 23. Rbc2 Na3 24. Rb2 Nb5 25. Rbc2 Na3 {Game drawn by
mutual agreement} 1/2-1/2

[Event "Team 45 45 League T62"]
[Site "Internet Chess Club"]
[Date "2014.09.08"]
[Round "2"]
[White "sockbuf"]
[Black "clarinetref"]
[Result "1-0"]
[WhiteElo "1658"]
[BlackElo "1598"]
[Opening "Robatsch defense: Pseudo-Austrian attack"]
[ECO "B06"]
[Time "07:30:26"]
[TimeControl "2700+45"]

1. e4 g6 2. d4 d6 3. Nc3 Bg7 4. f4 Nf6 5. e5 dxe5 6. dxe5 Qxd1+ 7. Kxd1 Ng4 8.
Ke1 O-O 9. Nd5 Na6 10. Bxa6 bxa6 11. Nxe7+ Kh8 12. Nxc8 Raxc8 13. h3 Nh6 14. g4
f6 15. exf6 Rxf6 16. Kf2 Rb6 17. c3 Rd8 18. Nf3 Nf7 19. Re1 Bf8 20. b3 Bd6 21.
Be3 c5 22. Rad1 Rb7 23. Rd5 Rc7 24. Red1 Kg8 25. c4 a5 26. h4 Rc6 27. Ng5 Nh6
28. Kf3 Nf7 29. Nxf7 Kxf7 30. Bxc5 Ke7 31. Bxd6+ Rcxd6 32. Rxd6 Rxd6 33. Rxd6
Kxd6 34. Ke4 h6 35. f5 gxf5+ 36. Kxf5 {Black resigns} 1-0

[Event "Team 45 45 League T62"]
[Site "Internet Chess Club"]
[Date "2014.09.07"]
[Round "2"]
[White "tryanything"]
[Black "pauliewoll"]
[Result "0-1"]
[WhiteElo "1614"]
[BlackElo "1591"]
[Opening "QGD: 4.Nf3"]
[ECO "D37"]
[Time "05:00:14"]
[TimeControl "2700+45"]

1. d4 Nf6 2. Nf3 d5 3. c4 e6 4. Nc3 Be7 5. e3 O-O 6. Bd3 dxc4 7. Bxc4 c5 8. O-O
Qc7 9. b3 a6 10. a4 Nc6 11. dxc5 Rd8 12. Qc2 Nb4 13. Qe2 Bxc5 14. Bb2 b6 15.
Rfd1 Bb7 16. Rxd8+ Rxd8 17. Rd1 Rxd1+ 18. Qxd1 Ng4 19. h3 Bxf3 20. Qxf3 Qh2+ 21.
Kf1 Ne5 22. Qa8+ Bf8 23. Bxa6 Qh1+ 24. Ke2 Nxa6 25. Qxa6 Qxg2 26. Qc8 Qf3+ 27.
Kd2 Qxf2+ 28. Ne2 Qf5 29. Nf4 g5 30. Ba3 Nd7 31. Bxf8 Nxf8 32. Nh5 Qf3 33. Qb8
Qxh5 34. Qxb6 Qxh3 35. a5 g4 36. a6 g3 37. a7 g2 38. e4 Qh2 39. Kc3 g1=Q 40.
Qxg1+ Qxg1 41. a8=Q Qc5+ 42. Kd3 h5 43. Qb8 h4 44. b4 Qf2 45. b5 h3 46. Qe5 h2
47. Qg5+ Ng6 48. Qd8+ Kg7 {White resigns} 0-1

[Event "Team 45 45 League T62"]
[Site "Internet Chess Club"]
[Date "2014.09.07"]
[Round "2"]
[White "bayoumicardio10"]
[Black "PostMike"]
[Result "1/2-1/2"]
[WhiteElo "1527"]
[BlackElo "1473"]
[Opening "Sicilian: Grand Prix attack"]
[ECO "B23"]
[Time "15:00:29"]
[TimeControl "2700+45"]

1. e4 c5 2. Nc3 Nc6 3. f4 g6 4. Nf3 Bg7 5. Bb5 a6 6. Bxc6 bxc6 7. O-O Nf6 8. d3
d6 9. Qe1 O-O 10. Qh4 Bg4 11. f5 Bxf3 12. Rxf3 e6 13. fxg6 fxg6 14. Bg5 Qb6 15.
Bxf6 c4+ 16. Kh1 Qxb2 17. Raf1 Bxf6 18. Rxf6 Qxc3 19. Rxf8+ Rxf8 20. Rxf8+ Kxf8
21. Qf2+ Kg7 22. h3 Qa1+ 23. Kh2 Qxa2 24. Qd4+ Kh6 25. Qxd6 cxd3 26. cxd3 a5 27.
Qf8+ Kg5 28. Qe7+ Kf4 29. Qxh7 Ke3 30. Qxg6 Kxd3 31. Qg3+ Kd4 32. Qd6+ Kxe4 33.
Qxc6+ Qd5 34. Qa4+ Kf5 35. Qg4+ Kf6 36. Qf4+ Qf5 37. Qh6+ Ke5 38. Qe3+ Kf6 39.
Qh6+ Ke5 40. Qe3+ Kf6 41. Qh6+ {Game drawn by repetition} 1/2-1/2

[Event "Team 45 45 League T62"]
[Site "Internet Chess Club"]
[Date "2014.09.08"]
[Round "2"]
[White "calsal"]
[Black "juniorVishy"]
[Result "0-1"]
[WhiteElo "1737"]
[BlackElo "1907"]
[Opening "Sicilian: Alapin's variation (2.c3)"]
[ECO "B22"]
[Time "21:32:35"]
[TimeControl "2700+45"]

1. e4 c5 2. c3 d5 3. exd5 Qxd5 4. d4 Nc6 5. Nf3 Bg4 6. dxc5 Qxd1+ 7. Kxd1 e6 8.
b4 a5 9. Bb5 Ne7 10. Kc2 Bxf3 11. gxf3 axb4 12. cxb4 O-O-O 13. Bxc6 Nxc6 14. Bd2
Nd4+ 15. Kb2 Nxf3 16. Bc3 h5 17. Na3 Rh6 18. Nc4 Rg6 19. Be5 Nxe5 20. Nxe5 Rg2
21. Nxf7 Rxf2+ {White resigns} 0-1

[Event "Team 45 45 League T62"]
[Site "Internet Chess Club"]
[Date "2014.09.04"]
[Round "2"]
[White "JasonModer"]
[Black "JeffH"]
[Result "1-0"]
[WhiteElo "1709"]
[BlackElo "1797"]
[Opening "King's Indian: Kazakh variation"]
[ECO "E91"]
[Time "19:00:27"]
[TimeControl "2700+45"]

1. d4 Nf6 2. c4 g6 3. Nc3 Bg7 4. e4 d6 5. Nf3 O-O 6. Be2 Na6 7. O-O e5 8. dxe5
dxe5 9. Bg5 Qxd1 10. Rfxd1 Nc5 11. Bxf6 Bxf6 12. Nd5 Bd8 13. Nxe5 Nxe4 14. f3
Nd6 15. c5 Nf5 16. g4 Ne7 17. Nf6+ Kg7 18. Nfd7 Re8 19. Bc4 f6 20. Nf7 Nc6 21.
Nxd8 Rxd8 22. Be6 Re8 23. Re1 Re7 24. Rad1 Bxd7 25. Bxd7 Rxe1+ 26. Rxe1 Ne5 27.
Kg2 Rd8 28. Bb5 c6 29. Bf1 Kf7 30. h3 Rd2+ 31. Re2 Rd4 32. Re3 Rd5 33. f4 Nd7
34. Bc4 Nxc5 35. Bxd5+ cxd5 36. Rc3 b6 37. b4 Na6 38. b5 Nc5 39. Ra3 Ke6 40.
Rxa7 d4 41. Ra6 Nd7 42. Kf3 Kd5 43. Ra7 Nc5 44. Rc7 Kc4 45. a4 Kb4 46. Rc6 Nxa4
47. Ke4 Kxb5 48. Rxf6 Kc4 49. Rc6+ Kb5 50. Rc7 Nc5+ 51. Kf3 Ka4 52. f5 gxf5 53.
gxf5 d3 54. Rxc5 bxc5 55. f6 Kb3 56. Ke3 Kc2 57. f7 d2 58. f8=Q d1=Q 59. Qxc5+
Kb2 60. Qd4+ Qxd4+ 61. Kxd4 h5 62. Ke5 Kc3 63. Kd5 Kd3 64. Ke5 Ke3 65. Kf5 Kf3
66. Kg5 Kg3 67. h4 {Black resigns} 1-0

[Event "Team 45 45 League T62"]
[Site "Internet Chess Club"]
[Date "2014.09.05"]
[Round "2"]
[White "SilentKnight"]
[Black "tcao2005"]
[Result "0-1"]
[WhiteElo "1614"]
[BlackElo "1550"]
[Opening "QGD: Chigorin defense"]
[ECO "D07"]
[Time "20:00:57"]
[TimeControl "2700+45"]

1. d4 d5 2. c4 Nc6 3. Nc3 Nf6 4. Nf3 Bf5 5. cxd5 Nxd5 6. Qb3 Nxc3 7. bxc3 b6 8.
e3 Na5 9. Qd1 c6 10. Ba3 g6 11. Be2 Bg7 12. O-O O-O 13. Nd2 c5 14. e4 Bc8 15.
Nf3 Bb7 16. e5 Qc7 17. dxc5 bxc5 18. Re1 Rad8 19. Qc2 Bxf3 20. Bxf3 Nc4 21. Bc1
Bxe5 22. Qe4 Bxc3 {White resigns} 0-1

[Event "Team 45 45 League T62"]
[Site "Internet Chess Club"]
[Date "2014.09.07"]
[Round "2"]
[White "Nxs123"]
[Black "Ostap-Bender"]
[Result "0-1"]
[WhiteElo "1608"]
[BlackElo "1421"]
[Opening "French: advance, Paulsen attack"]
[ECO "B22"]
[Time "16:00:21"]
[TimeControl "2700+45"]

1. e4 c5 2. c3 e6 3. d4 d5 4. e5 Nc6 5. Nf3 Nge7 6. dxc5 Ng6 7. Bb5 Bxc5 8. O-O
O-O 9. Re1 Qb6 10. Bxc6 Bxf2+ 11. Kh1 bxc6 12. Rf1 Ba6 13. Nbd2 Bxf1 14. Qxf1
Bc5 15. Nb3 Be7 16. Qd3 Qb5 17. Qxb5 cxb5 18. Nbd4 a6 19. Be3 Rfc8 20. Rf1 h6
21. g3 Bc5 22. Nh4 Nxe5 {White resigns} 0-1

[Event "Team 45 45 League T62"]
[Site "Internet Chess Club"]
[Date "2014.09.07"]
[Round "2"]
[White "Kali-Linux"]
[Black "lemorgado"]
[Result "0-1"]
[WhiteElo "1955"]
[BlackElo "1967"]
[Opening "Caro-Kann: exchange variation"]
[ECO "B13"]
[Time "12:30:28"]
[TimeControl "2700+45"]

1. e4 c6 2. d4 d5 3. exd5 Qxd5 4. Nc3 Qd8 5. Bc4 Nf6 6. Nf3 e6 7. O-O Be7 8. Qe2
Nbd7 9. Re1 Nb6 10. Bb3 Nbd5 11. Ne4 Nxe4 12. Qxe4 Nf6 13. Qe2 O-O 14. c4 Re8
15. Bc2 b6 16. b3 c5 17. dxc5 bxc5 18. Bg5 Qc7 19. Bxf6 Bxf6 20. Bxh7+ Kh8 21.
Rad1 g6 22. Bxg6 fxg6 23. Qe4 Bb7 24. Qxg6 Qg7 25. Qxg7+ Bxg7 26. Ne5 Kg8 27.
Rd7 Rad8 28. Rxb7 Bxe5 29. g3 Bb8 30. Re2 Kf8 31. Kg2 Re7 32. Rxe7 Kxe7 33. h4
Kf6 34. Kf3 Rd4 35. Re4 Rd2 36. Re2 Rd1 37. Kg4 Rd4+ 38. Kh3 Kf5 39. f3 e5 40.
Kg2 Bc7 41. Kf2 Rd3 42. Re3 Rd2+ 43. Re2 Rxe2+ 44. Kxe2 e4 45. f4 Bd8 46. Ke3
Bf6 47. h5 Bd4+ 48. Ke2 Kg4 49. h6 Kxg3 50. f5 Kg4 51. f6 Bxf6 52. Ke3 Kf5 53.
h7 Bd4+ 54. Ke2 Kg6 {White resigns} 0-1

[Event "Team 45 45 League T62"]
[Site "Internet Chess Club"]
[Date "2014.09.08"]
[Round "2"]
[White "Bleddyn"]
[Black "cityprosecutor"]
[Result "1/2-1/2"]
[WhiteElo "1669"]
[BlackElo "1748"]
[Opening "Dutch: Leningrad, main variation with Nc6"]
[ECO "A89"]
[Time "22:03:40"]
[TimeControl "2700+45"]

1. c4 d6 2. g3 g6 3. Bg2 Bg7 4. Nc3 f5 5. d4 Nf6 6. Nf3 O-O 7. O-O Nc6 8. d5 Nb8
9. Re1 Nbd7 10. Rb1 Nc5 11. b4 Nce4 12. Bb2 e5 13. Nd2 Ng5 14. e4 f4 15. gxf4
exf4 16. Nf3 Nh3+ 17. Bxh3 Bxh3 18. Ng5 Bg4 19. f3 Bd7 20. Ne6 Bxe6 21. dxe6 Re8
22. Nd5 Rxe6 23. Nxf4 Re8 24. Nd5 Nxd5 25. Qxd5+ Kh8 26. Bxg7+ Kxg7 27. Qxb7
Qg5+ 28. Kh1 Rac8 29. Qxa7 Re5 30. Qe3 Qh4 31. Rg1 Rh5 32. Rb2 Rf8 33. Qf2 Qf6
34. Rb3 Kg8 35. a4 Qe5 36. a5 Qxe4 37. c5 Qc4 38. Qe3 dxc5 39. bxc5 Rxc5 {Game
drawn by mutual agreement} 1/2-1/2

[Event "Team 45 45 League T62"]
[Site "Internet Chess Club"]
[Date "2014.09.08"]
[Round "2"]
[White "timothysmall56"]
[Black "elmaestro"]
[Result "0-1"]
[WhiteElo "1710"]
[BlackElo "1738"]
[Opening "Sicilian: Canal-Sokolsky attack, 3...Bd7"]
[ECO "B52"]
[Time "19:01:26"]
[TimeControl "2700+45"]

1. e4 c5 2. Nf3 d6 3. Bb5+ Bd7 4. Bxd7+ Qxd7 5. O-O Nc6 6. d4 cxd4 7. Nxd4 g6 8.
Nc3 Bg7 9. Be3 Nf6 10. Re1 Ng4 11. Nxc6 Nxe3 12. Rxe3 bxc6 13. Rb1 Rb8 14. Na4
Qe6 15. b3 O-O 16. Nb2 Rb4 17. Nc4 Rfb8 18. c3 R4b5 19. Nd2 a5 20. Nf3 Rh5 21.
Nd4 Qe5 22. h3 Qg5 23. Nxc6 Rb5 24. Qg4 Bf6 25. Nd4 Rc5 26. g3 Qxg4 27. hxg4
Rhg5 28. f3 Rxc3 {White resigns} 0-1

[Event "Team 45 45 League T62"]
[Site "Internet Chess Club"]
[Date "2014.09.07"]
[Round "2"]
[White "Shanghaied"]
[Black "Greedy-Reedy"]
[Result "1/2-1/2"]
[WhiteElo "1835"]
[BlackElo "1958"]
[Opening "Pirc: Austrian attack, 6.Bd3"]
[ECO "B09"]
[Time "07:00:12"]
[TimeControl "2700+45"]

1. e4 d6 2. d4 Nf6 3. Nc3 g6 4. f4 Bg7 5. Nf3 O-O 6. Bd3 Na6 7. O-O c5 8. d5 Bg4
9. Bc4 Nc7 10. h3 Bxf3 11. Qxf3 Nd7 12. a4 a6 13. a5 b5 14. axb6 Nxb6 15. Bd3 c4
16. Be2 Nb5 17. Be3 Nxc3 18. bxc3 Bxc3 19. Rab1 Nd7 20. Bxc4 Qc7 21. Qe2 a5 22.
Bb5 Nc5 23. Qc4 Bg7 24. Bc6 Rab8 25. Rxb8 Rxb8 26. Bxc5 dxc5 27. Qxc5 Qb6 28.
Qxb6 Rxb6 29. e5 f6 30. Re1 Bh6 31. exf6 exf6 32. g3 Bf8 33. Ba4 Rb4 34. Ra1
Bc5+ 35. Kf1 Kf8 36. Bc6 Rb2 37. Ba4 Rb4 38. Bc6 Rb2 39. Rxa5 Rxc2 40. Ba4 Rf2+
41. Ke1 Bb4+ 42. Kxf2 Bxa5 43. d6 Kf7 44. Kf3 Ke6 45. d7 h6 46. g4 g5 47. Ke4
Bc7 48. f5+ Ke7 49. Kd5 Bd8 50. Kc6 Ba5 {Game drawn by mutual agreement} 1/2-1/2

[Event "Team 45 45 League T62"]
[Site "Internet Chess Club"]
[Date "2014.09.06"]
[Round "2"]
[White "GivePeasAChance"]
[Black "pishd"]
[Result "1-0"]
[WhiteElo "1730"]
[BlackElo "1751"]
[Opening "English: Neo-Catalan declined"]
[ECO "A14"]
[Time "11:07:44"]
[TimeControl "2700+45"]

1. c4 Nf6 2. g3 e6 3. Nf3 d5 4. Bg2 Be7 5. O-O O-O 6. b3 Nbd7 7. Bb2 c6 8. Qc2
b6 9. d3 Bb7 10. e4 c5 11. cxd5 exd5 12. e5 Ne8 13. Qe2 Nc7 14. Rd1 d4 15. Nbd2
Re8 16. Nc4 Nf8 17. Nfd2 Bxg2 18. Kxg2 f6 19. exf6 Bxf6 20. Ne4 Re6 21. Qg4 Nd5
22. Bc1 Nc3 23. Nxf6+ Qxf6 24. Bg5 Qg6 25. Re1 Rae8 26. Rxe6 Rxe6 27. Qf4 Qxd3
28. Nd6 Qg6 29. Nf5 Kh8 30. Nxd4 Qe4+ 31. Qxe4 Rxe4 32. Nf3 Ne6 33. Be3 Nd5 34.
Nd2 Nxe3+ 35. fxe3 Rxe3 36. Kf2 Rd3 37. Nc4 Nd4 38. Re1 Rf3+ 39. Kg2 Rf8 40. Re7
Ra8 41. Kf2 Kg8 42. Ne5 Rf8+ 43. Ke1 a6 44. Nd7 Rf5 45. Re8+ Kf7 46. Rf8+ Ke6
47. Rxf5 Kxf5 48. Nxb6 Nf3+ 49. Ke2 Nxh2 50. Nd7 Kg4 51. Nxc5 Kxg3 52. Nxa6 h5
53. b4 h4 54. b5 h3 55. b6 Nf1 56. b7 h2 57. b8=Q+ Kg2 58. Qb7+ Kh3 59. Kxf1 g5
60. Qg2+ {Black resigns} 1-0

[Event "Team 45 45 League T62"]
[Site "Internet Chess Club"]
[Date "2014.09.07"]
[Round "2"]
[White "losscause"]
[Black "Zugzwanged"]
[Result "1-0"]
[WhiteElo "1644"]
[BlackElo "1704"]
[Opening "Queen's pawn: Torre attack"]
[ECO "A46"]
[Time "10:00:31"]
[TimeControl "2700+45"]

1. d4 Nf6 2. Nf3 e6 3. Bg5 h6 4. Bf4 c5 5. e3 Nh5 6. Be2 Nxf4 7. exf4 b6 8. d5
Qf6 9. O-O exd5 10. Qxd5 Qc6 11. Qe5+ Qe6 12. Bc4 Qxe5 13. Nxe5 f6 14. Nf7 Rh7
15. Re1+ Be7 16. Nd6+ Kd8 17. Nxc8 Nc6 18. Nxe7 Nxe7 19. Nc3 g6 20. Rad1 a6 21.
Be6 Nc6 22. Bg4 Nd4 23. Rd2 f5 24. Bd1 Rh8 25. Nd5 Rb8 26. c3 Ne6 27. g3 Rf8 28.
a3 g5 29. fxg5 hxg5 30. b4 cxb4 31. Nxb4 Kc8 32. Nxa6 Ra8 33. Be2 f4 34. Rd6
fxg3 35. fxg3 Nc5 36. Rxb6 Re8 37. Nxc5 Rxa3 38. Ba6+ Kc7 39. Rb7+ Kc6 40. Bb5+
Kxc5 41. Rxe8 Ra1+ 42. Kf2 Ra2+ 43. Be2 Kd5 44. Rb5+ Kd6 45. c4 Kc6 46. Rc8+ Kd6
47. c5+ Ke7 48. Rbb8 Ke6 49. Ke3 Ra3+ 50. Kd4 Ra4+ 51. Bc4+ Kf5 52. h3 Ra3 53.
Bd3+ Kf6 54. Rf8+ Kg7 55. Rg8+ Kf6 56. Rbf8+ Ke7 57. Re8+ Kf6 58. h4 gxh4 59.
gxh4 Ra4+ 60. Bc4 Ra1 61. Ref8+ Ke7 62. Rf7# {Black checkmated} 1-0